 Dungeon Sprint DCSS version 0.22.1-1-ga44c0e56f4 (webtiles) character file.

9446 MuseOD the Unseen (level 11, -7/64 HPs)
             Began as a Spriggan Enchanter on Oct 2, 2018.
             Was a High Priest of Dithmenos.
             Shot with a bolt by a yaktaur captain (43 damage)
             ... in the Dungeon (Sprint III: "The Ten Rune Challenge").
             The game lasted 00:04:58 (2318 turns).

MuseOD the Unseen (Spriggan Enchanter)              Turns: 2318, Time: 00:04:59

Health: -7/64      AC:  7    Str:  4    XL:     11   Next: 23%
Magic:  18/29      EV: 18    Int: 21    God:    Dithmenos [*****.]
Gold:   129        SH:  0    Dex: 16    Spells: 25/37 levels left

rFire    + . .     SeeInvis +   a - +1 dagger
rCold    . . .     Gourm    .   (shield restricted)
rNeg     . . .     Faith    .   r - +2 robe {rF+}
rPois    .         Spirit   .   (helmet restricted)
rElec    .         Reflect  .   c - +2 cloak
rCorr    .         Harm     .   (gloves unavailable)
MR       +....     NoTele   +   (boots unavailable)
Stlth    ++++++++++             (no amulet)
HPRegen  0.20/turn              (no ring)
MPRegen  0.21/turn              (no ring)

@: wreathed by umbra, very quick
A: very small, unfitting armour, see invisible, herbivore, speed 3, slow
metabolism 2
a: Shadow Step, Shadow Form, Renounce Religion


You were in the Dungeon.
You worshipped Dithmenos.
Dithmenos was extremely pleased with you.
You were not hungry.

You visited 1 branch You collected 129 gold pieces.

Inventory:

Hand Weapons
 a - a +1 dagger (weapon)
Armour
 b - a +0 robe
 c - a +2 cloak (worn)
 r - a +2 robe of fire resistance (worn)
Scrolls
 j - 2 scrolls of blinking
 l - a scroll of immolation {unknown}
 m - 2 scrolls of identify {unknown}
 n - a scroll of remove curse {unknown}
 p - a scroll of torment {unknown}
Potions
 e - a potion of curing
 f - 2 potions of heal wounds
 g - a potion of haste
 h - 2 potions of magic
 i - 2 potions of berserk rage
 k - 4 potions of mutation {unknown}
 o - a potion of might
 q - 2 potions of flight
Comestibles
 d - 4 rations


   Skills:
 + Level 10.7 Fighting
 * Level 18.1 Short Blades
 - Level 3.0 Dodging
 + Level 18.5 Stealth
 + Level 13.9 Spellcasting
 + Level 5.1 Hexes


You had 25 spell levels left.
You knew the following spells:

 Your Spells              Type           Power        Failure   Level  Hunger
a - Corona                Hex            #####..      1%          1    None
b - Ensorcelled Hibernat  Hex/Ice        ####..       2%          2    None
c - Confuse               Hex            #####...     1%          3    None
d - Dazzling Spray        Conj/Hex       ####..       4%          3    None
e - Tukima's Dance        Hex            #####...     1%          3    None

Your spell library contained the following spells:

 Spells                   Type           Power        Failure   Level  Hunger
 Confusing Touch          Hex            #####.       1%          1    None
 Gell's Gravitas          Tloc           ##........   13%         3    None
 Metabolic Englaciation   Hex/Ice        ####......   38%         5    ###....
 Yara's Violent Unravell  Hex/Tmut       ####......   38%         5    ###....
 Petrify                  Tmut/Erth      ##......     41%         4    None


Dungeon Overview and Level Annotations

Branches:
Dungeon (1/1)

Altars:
Dithmenos
Elyvilon
Kikubaaqudgha
Okawaru
Ru
Sif Muna
Trog
Uskayaw
Vehumet
Wu Jian
Yredelemnul
Zin
The Shining One
Beogh

Shops:
D ==%(=:!:?*[}

Annotations:
D exclusions: orange crystal statue and 2 statues


Innate Abilities, Weirdness & Mutations

You are very small and have problems with some larger weapons.
You are too small for most types of armour.
You have supernaturally acute eyesight. (SInv)
You are a herbivore.
You cover ground extremely quickly.
You need to consume almost no food.


Message History

Aiming: Confuse (safe; 1% risk of failure)
Press: ? - help, Shift-Dir - straight line, f - yaktaur captain
Aim: a yaktaur captain, wielding an arbalest (hasn't noticed you, chance to The yaktaur captain easily resists.
The yaktaur captain shoots a bolt.
The bolt hits you!!
Casting: Confuse (safe; 1% risk of failure)
Confirm with . or Enter, or press ? or * to list all spells.
Aiming: Confuse (safe; 1% risk of failure)
Press: ? - help, Shift-Dir - straight line, f/p - yaktaur captain
Aim: a yaktaur captain, wielding an arbalest (chance to defeat MR: 29%)
The yaktaur captain easily resists.
Casting: Confuse (safe; 1% risk of failure)
Confirm with . or Enter, or press ? or * to list all spells.
Aiming: Confuse (safe; 1% risk of failure)
Press: ? - help, Shift-Dir - straight line, f/p - yaktaur captain
Aim: a yaktaur captain, wielding an arbalest (chance to defeat MR: 29%)
The yaktaur captain easily resists.
The yaktaur captain shoots a bolt.
The bolt hits you!!!
Ouch! That really hurt!
You die...

#.)#.##.###.#..(...#
.#.#.##.#).##.^....#
.#..#..##.)'..†....#
▓▓▓▓▓▓▓▓▓▓▓#.......#
#..^....# +.......#
#^......#
##'########
#...'@≈≈§§#
#...#.≈≈§§#
#).)#.#≈§§#
#####.#.≈≈≈# #)PPP.#
#≈≈§≈ #.)P.P# .≈≈≈
#..)PP# ##≈≈ #...)P#
§§#c≈ #'#####§§§#


You could see a yaktaur captain.

Vanquished Creatures
  Frances (D)
  Donald (D)
  2 yaktaur captains (D)
  Erolcha (D)
  A deep elf mage (D)
  4 crystal guardians (D)
  4 orc high priests (D)
  A shadow (D)
  2 redbacks (D)
  A necrophage (D)
  5 two-headed ogres (D)
  A water elemental (D)
  A jelly (D)
  A wizard (D)
  Crazy Yiuf (D)
  A necromancer (D)
  3 humans (D)
  A kobold demonologist (D)
  An ooze (D)
  3 rats (D)
  A plant (D)
37 creatures vanquished.

Vanquished Creatures (others)
  2 draconian scorchers (D)
  A yaktaur (D)
  6 hellions (D)
  4 plants (D)
13 creatures vanquished.

Grand Total: 50 creatures vanquished

Notes
Turn   | Place    | Note
-------+----------+-------------------------------------------
     0 | D        | MuseOD the Spriggan Enchanter began the quest for the Orb.
     0 | D        | Reached XP level 1. HP: 9/9 MP: 5/5
    10 | D        | Reached skill level 1 in Fighting
    10 | D        | Reached skill level 5 in Stealth
    35 | D        | Noticed Crazy Yiuf
    38 | D        | Killed Crazy Yiuf
    38 | D        | Reached XP level 2. HP: 15/15 MP: 6/6
    38 | D        | Reached XP level 3. HP: 18/18 MP: 8/8
    71 | D        | Learned a level 2 spell: Ensorcelled Hibernation
    75 | D        | Learned a level 3 spell: Confuse
    90 | D        | Reached skill level 5 in Short Blades
   110 | D        | Noticed a water elemental
   113 | D        | Killed a water elemental
   113 | D        | Reached XP level 4. HP: 24/24 MP: 9/9
   121 | D        | Found a basalt altar of Yredelemnul.
   121 | D        | Found a shadowy altar of Dithmenos.
   121 | D        | Found a sacrificial altar of Ru.
   121 | D        | Noticed a necrophage
   123 | D        | Killed a necrophage
   123 | D        | Reached XP level 5. HP: 30/30 MP: 9/12
   128 | D        | Became a worshipper of Dithmenos the Shadowed
   133 | D        | Killed a hellion
   133 | D        | Killed a hellion
   140 | D        | Killed a hellion
   141 | D        | Killed a hellion
   159 | D        | Found a glowing silver altar of Zin.
   159 | D        | Found a glowing golden altar of the Shining One.
   159 | D        | Found a white marble altar of Elyvilon.
   159 | D        | Noticed a deep elf mage
   246 | D        | Killed a white draconian scorcher
   250 | D        | Killed a hellion
   263 | D        | Killed a yaktaur
   280 | D        | Killed a hellion
   384 | D        | Killed a white draconian scorcher
   495 | D        | Killed a deep elf mage
   495 | D        | Reached skill level 5 in Fighting
   495 | D        | Reached XP level 6. HP: 25/36 MP: 12/17
   495 | D        | Reached XP level 7. HP: 28/39 MP: 12/18
   593 | D        | Found a radiant altar of Vehumet.
   594 | D        | Found a deep blue altar of Sif Muna.
   594 | D        | Found an ancient bone altar of Kikubaaqudgha.
   597 | D        | Reached * piety under Dithmenos
   633 | D        | Found a hide-covered altar of Uskayaw.
   633 | D        | Found a roughly hewn altar of Beogh.
   633 | D        | Found an iron altar of Okawaru.
   633 | D        | Found a bloodstained altar of Trog.
   633 | D        | Found an ornate altar of the Wu Jian Council.
   633 | D        | Noticed a human
   633 | D        | Noticed a human
   638 | D        | Killed a human
   643 | D        | Killed a human
   654 | D        | Noticed a shadow
   659 | D        | Killed a shadow
   659 | D        | Reached ** piety under Dithmenos
   659 | D        | Reached XP level 8. HP: 45/45 MP: 11/21
   729 | D        | Reached *** piety under Dithmenos
   778 | D        | Noticed a two-headed ogre
   800 | D        | Killed a two-headed ogre
   844 | D        | Noticed Erolcha
   845 | D        | Noticed a two-headed ogre
   847 | D        | Killed Erolcha
   847 | D        | Reached skill level 10 in Spellcasting
   847 | D        | Reached XP level 9. HP: 51/51 MP: 22/24
   848 | D        | Killed a two-headed ogre
   848 | D        | Reached skill level 15 in Stealth
   853 | D        | Learned a level 3 spell: Dazzling Spray
   857 | D        | Learned a level 3 spell: Tukima's Dance
   863 | D        | Reached **** piety under Dithmenos
   922 | D        | Noticed Donald
   922 | D        | Noticed Frances
   924 | D        | Killed Frances
   924 | D        | Reached skill level 15 in Short Blades
   924 | D        | Reached XP level 10. HP: 54/58 MP: 21/27
   926 | D        | Killed Donald
   965 | D        | Reached ***** piety under Dithmenos
   965 | D        | Reached skill level 10 in Fighting
  1014 | D        | Found Teec's Book Emporium.
  1014 | D        | Found Fenycsyw's Book Shop.
  1014 | D        | Found Qozin's Antique Weapon Boutique.
  1014 | D        | Found Linareaq's Gadget Shoppe.
  1014 | D        | Found Parohama's Jewellery Boutique.
  1014 | D        | Found Yremaj's Distillery.
  1014 | D        | Found Hiugosh's Food Shoppe.
  1014 | D        | Found Ufomuc's Antique Armour Shop.
  1014 | D        | Found Womeh's Jewellery Shop.
  1014 | D        | Found Tifyisma's Assorted Antiques.
  1014 | D        | Found Jucyiv's Jewellery Emporium.
  1014 | D        | Found Darrones's Magic Scroll Boutique.
  1060 | D        | Noticed an orange crystal statue
  1062 | D        | Noticed a crystal guardian
  1062 | D        | Noticed a crystal guardian
  1062 | D        | Noticed a crystal guardian
  1062 | D        | Noticed a crystal guardian
  1063 | D        | Killed a crystal guardian
  1066 | D        | Killed a crystal guardian
  1069 | D        | Killed a crystal guardian
  1072 | D        | Killed a crystal guardian
  1072 | D        | Reached XP level 11. HP: 64/64 MP: 29/29
  1074 | D        | Noticed a water elementalist statue
  1074 | D        | Noticed an air elementalist statue
  1358 | D        | Noticed a yaktaur captain
  1544 | D        | Noticed a yaktaur captain
  1544 | D        | Noticed a yaktaur captain
  1546 | D        | Killed a yaktaur captain
  2314 | D        | Killed a yaktaur captain
  2314 | D        | Reached skill level 5 in Hexes
  2318 | D        | Shot with a bolt by a yaktaur captain

Skill      XL: |  1  2  3  4  5  6  7  8  9 10 11 |
---------------+----------------------------------+-----
Fighting       | 2 3 4 5 6 8 9 10 | 10.7
Short Blades   | 4 7 8 11 12 14 15 17 18 | 18.1
Stealth        | 6 8 9 11 13 14 16 18 | 18.5
Spellcasting   | 4 7 8 10 12 13 | 13.9
Hexes          | 5 |  5.1
Dodging        | |  3.0

Action                   |  1- 3 |  4- 6 |  7- 9 | 10-12 || total
-------------------------+-------+-------+-------+-------++-------
Melee: Dagger            |     9 |     8 |    28 |   167 ||   212
 Cast: Ensorcelled Hiber |     1 |       |     5 |       ||     6
       Confuse           |       |     6 |     6 |    15 ||    27
Invok: Shadow Step       |       |       |     1 |     1 ||     2
 Stab: Sleeping          |     6 |     2 |    11 |     9 ||    28
       Confused          |       |     1 |     5 |       ||     6
Armor: Robe              |       |       |       |     1 ||     1
Dodge: Dodged            |     4 |     3 |     7 |     2 ||    16
